Connexion

Eagles vs Palm Springs Eager

Created - 7 septembre 2023 at 04:12

Goals
1 2 3 T
Eagles 0 0 0 0
Palm Springs Eager 0 1 1 2
Shots
1 2 3 T
Eagles 7 9 7 23
Palm Springs Eager 5 9 14 28

GoalsPenalties
1st period
No Goal
Alexander Campbell (SEA) for High sticking (Minor) at 2:22
Sebastien Reppo (COL) for High sticking (Minor) at 5:27
Jonathan Toews (SEA) for Hooking (Minor) at 8:22
Nikita Nesterenko (SEA) for Hooking (Minor) at 10:30
2nd period
1. Palm Springs Eager , Nikita Nesterenko 2 (Saku Maenalanen 4, Steven Lorentz 9) at 16:33
Mike Hardman (SEA) for Hooking (Minor) at 18:11
3rd period
2. Palm Springs Eager , Lias Andersson 5 (Alexander Gordin 2) at 2:06
Colin Miller (SEA) for Boarding (Minor) at 15:19
Goalie Stats
Cory Schneider (COL), 26 saves from 28 shots - (0,929), L, 6-7-2, 60:00 minutes
Anton Forsberg (SEA), 23 saves from 23 shots - (1,000), W, 5-5-2, 60:00 minutes
3 StarsOfficial
1 - Anton Forsberg (SEA)
2 - Lias Andersson (SEA)
3 - Steven Lorentz (SEA)
Referees : Marcus Vinnerberg and Dave Jackson
Linesman : Mark Shewchyk and Darren Gibbs
Game Note
No Game Note
Finance
Level 1 -- Attendance: 2000 (100,00%) -- Ticket Income 70 000 $
Level 2 -- Attendance: 967 (96,70%) -- Ticket Income 14 505 $
Total Attendance: 2967 (98,90%)
Total Ticket Income: 84 505 $
Other Income: 16 901 $
Total Income: 101 406 $



Team Name Goals Shots Shots Attemp Shots Blocked PIM HIT PP PK FO%
Eagles 0235692120 / 5 (0%)044%
Palm Springs Eager 228671410280 / 1 (0%)056%

Eagles
Player Name POS G A P +/- PIM HIT SHT SB MP PP MP PP SHT PK MP PK SHT FO% FOT
Branden TroockRW000-1011115:230:0000:39033% 3
Brayden BurkeC/LW/RW000-1003018:534:5400:00050% 2
Brett KulakD0000012223:394:5601:0600% 0
Cooper MarodyC000-1000115:260:0000:42044% 16
Dan RenoufD0000022123:394:5601:0600% 0
Daniel AudetteC000000104:250:0000:00025% 4
David GustafssonC0000001024:364:3500:38052% 27
Devante Smith-PellyRW0000011019:595:0100:0000% 1
Gage GoncalvesC000000000:260:2600:0000% 0
Jacob PetersonC/LW000-1020018:534:5400:0000% 0
Kris RussellD000-1000313:120:0000:0000% 0
Leo KomarovLW0000003021:165:0111:1700% 0
Marc-Edouard VlasicD000-1003123:094:5920:5300% 0
Mark GiordanoD000-1015023:094:5920:5300% 0
Matej PaulovicLW000-1020014:440:0000:00067% 3
Sebastien ReppoRW000020004:240:0000:0000% 0
Ty EmbersonD000-1010013:120:0000:0000% 0
Tyler BozakC000-1011019:354:5400:42038% 26
Palm Springs Eager
Player Name POS G A P +/- PIM HIT SHT SB MP PP MP PP SHT PK MP PK SHT FO% FOT
Alex JefferiesLW000000003:480:0000:0000% 0
Alexander CampbellC/LW0001222113:220:0000:000100% 1
Alexander GordinC/RW0111003013:230:0000:0000% 0
Colin MillerD0000220014:320:0000:0000% 0
Gavin BayreutherD0002000321:110:4604:1100% 0
Jonathan ToewsC0000222024:111:1304:55056% 32
Lias AnderssonC1011023013:230:0000:00050% 14
Michael AndersonD0000020014:330:0000:0000% 0
Mike HardmanC/LW/RW0000231218:591:1302:5900% 0
Nico SturmC/LW0000004022:071:1316:0600% 2
Nikita NesterenkoC/LW/RW1011222016:520:4600:0000% 0
Radko GudasD0000041124:161:1305:4400% 0
Riley DuranC000000000:320:0000:0000% 0
Ryan GravesD0000002424:161:1305:4400% 0
Saku MaenalanenC/LW/RW0111013117:120:4600:1900% 1
Scott MayfieldD0002033121:110:4604:1100% 0
Scott ReedyC000002005:440:0001:56044% 9
Steven LorentzC/LW0111032120:280:4603:35070% 23



Play-by-Play

1st period


0:01 of 1st period - Jonathan Toews wins face-off versus David Gustafsson in neutral zone.
0:12 of 1st period - Shot by Nico Sturm.
0:12 of 1st period - Shot Misses the Net.
0:20 of 1st period - Shot by Jonathan Toews.
0:20 of 1st period - Stopped by Cory Schneider with a rebound.
0:33 of 1st period - Icing by Brett Kulak.
0:34 of 1st period - Steven Lorentz wins face-off versus David Gustafsson in Eagles zone.
1:33 of 1st period - Michael Anderson is hit by Jacob Peterson and loses puck.
1:44 of 1st period - Shot by Brayden Burke.
1:44 of 1st period - Shot Blocked by Alexander Campbell.
1:46 of 1st period - Shot by Mark Giordano.
1:46 of 1st period - Stopped by Anton Forsberg without a rebound.
1:47 of 1st period - Cooper Marody wins face-off versus Scott Reedy in Palm Springs Eager zone.
1:47 of 1st period - Branden Troock is hit by Radko Gudas and loses puck.
2:01 of 1st period - Icing by Ty Emberson.
2:02 of 1st period - Cooper Marody wins face-off versus Jonathan Toews in Eagles zone.
2:08 of 1st period - Off-side.
2:09 of 1st period - Jonathan Toews wins face-off versus Tyler Bozak in neutral zone.
2:20 of 1st period - Shot by Nico Sturm.
2:20 of 1st period - Stopped by Cory Schneider without a rebound.
2:21 of 1st period - Cooper Marody wins face-off versus Lias Andersson in Eagles zone.
2:21 of 1st period - Branden Troock is hit by Lias Andersson and loses puck.
2:22 of 1st period - Minor Penalty to Alexander Campbell for High sticking.
2:23 of 1st period - Tyler Bozak wins face-off versus Jonathan Toews in Palm Springs Eager zone.
2:53 of 1st period - Marc-Edouard Vlasic is hit by Mike Hardman and loses puck.
3:51 of 1st period - Shot by David Gustafsson.
3:51 of 1st period - Shot Blocked by Steven Lorentz.
4:04 of 1st period - Icing by Devante Smith-Pelly.
4:05 of 1st period - David Gustafsson wins face-off versus Jonathan Toews in Eagles zone.
4:44 of 1st period - Shot by Alexander Campbell.
4:44 of 1st period - Shot Blocked by Cooper Marody.
4:46 of 1st period - Shot by Colin Miller.
4:46 of 1st period - Shot Blocked by Kris Russell.
4:48 of 1st period - Shot by Alexander Gordin.
4:48 of 1st period - Stopped by Cory Schneider without a rebound.
4:49 of 1st period - Steven Lorentz wins face-off versus Daniel Audette in Eagles zone.
4:56 of 1st period - Shot by Daniel Audette.
4:56 of 1st period - Shot Misses the Net.
5:18 of 1st period - Shot by Daniel Audette.
5:18 of 1st period - Stopped by Anton Forsberg with a rebound.
5:27 of 1st period - Minor Penalty to Sebastien Reppo for High sticking.
5:28 of 1st period - Jonathan Toews wins face-off versus Branden Troock in Eagles zone.
5:29 of 1st period - Shot by Ryan Graves.
5:29 of 1st period - Shot Misses the Net.
6:08 of 1st period - Leo Komarov is hit by Mike Hardman and loses puck.
6:26 of 1st period - Off-side.
6:27 of 1st period - David Gustafsson wins face-off versus Saku Maenalanen in neutral zone.
7:20 of 1st period - Shot by Jonathan Toews.
7:20 of 1st period - Shot Blocked by Marc-Edouard Vlasic.
7:22 of 1st period - Shot by Jonathan Toews.
7:22 of 1st period - Shot Misses the Net.
7:24 of 1st period - Shot by Nico Sturm.
7:24 of 1st period - Shot Misses the Net.
7:26 of 1st period - Shot by Nico Sturm.
7:26 of 1st period - Stopped by Cory Schneider with a rebound.
7:36 of 1st period - Shot by Brayden Burke.
7:36 of 1st period - Stopped by Anton Forsberg without a rebound.
7:37 of 1st period - Lias Andersson wins face-off versus Cooper Marody in Palm Springs Eager zone.
7:42 of 1st period - Michael Anderson is hit by Matej Paulovic and loses puck.
7:54 of 1st period - Shot by Lias Andersson.
7:54 of 1st period - Shot Misses the Net.
8:09 of 1st period - Shot by Lias Andersson.
8:09 of 1st period - Shot Misses the Net.
8:11 of 1st period - Shot by Colin Miller.
8:11 of 1st period - Shot Misses the Net.
8:13 of 1st period - Shot by Lias Andersson.
8:13 of 1st period - Shot Misses the Net.
8:22 of 1st period - Minor Penalty to Jonathan Toews for Hooking.
8:23 of 1st period - Tyler Bozak wins face-off versus Scott Reedy in Palm Springs Eager zone.
8:23 of 1st period - Tyler Bozak is hit by Radko Gudas.
8:25 of 1st period - Shot by Brett Kulak.
8:25 of 1st period - Shot Misses the Net.
8:27 of 1st period - Shot by Dan Renouf.
8:27 of 1st period - Shot Blocked by Ryan Graves.
8:50 of 1st period - Jacob Peterson is hit by Radko Gudas and loses puck.
9:25 of 1st period - Shot by Marc-Edouard Vlasic.
9:25 of 1st period - Shot Blocked by Scott Mayfield.
9:30 of 1st period - Shot by Leo Komarov.
9:30 of 1st period - Stopped by Anton Forsberg without a rebound.
9:31 of 1st period - Steven Lorentz wins face-off versus David Gustafsson in Palm Springs Eager zone.
9:39 of 1st period - Off-side.
9:40 of 1st period - Scott Reedy wins face-off versus David Gustafsson in neutral zone.
9:48 of 1st period - Icing by Brett Kulak.
9:49 of 1st period - Scott Reedy wins face-off versus David Gustafsson in Eagles zone.
9:54 of 1st period - Shot by Scott Reedy.
9:54 of 1st period - Shot Blocked by Brett Kulak.
10:28 of 1st period - Icing by Mark Giordano.
10:29 of 1st period - Tyler Bozak wins face-off versus Steven Lorentz in Eagles zone.
10:29 of 1st period - Tyler Bozak is hit by Steven Lorentz.
10:30 of 1st period - Minor Penalty to Nikita Nesterenko for Hooking.
10:31 of 1st period - Jonathan Toews wins face-off versus Tyler Bozak in Palm Springs Eager zone.
10:46 of 1st period - Shot by Brayden Burke.
10:46 of 1st period - Deflect By Jacob Peterson.
10:46 of 1st period - Shot Blocked by Gavin Bayreuther.
10:48 of 1st period - Shot by Mark Giordano.
10:48 of 1st period - Stopped by Anton Forsberg without a rebound.
10:49 of 1st period - Steven Lorentz wins face-off versus David Gustafsson in Palm Springs Eager zone.
10:56 of 1st period - Shot by Brett Kulak.
10:56 of 1st period - Shot Misses the Net.
11:02 of 1st period - Shot by Leo Komarov.
11:02 of 1st period - Shot Blocked by Mike Hardman.
11:06 of 1st period - Shot by Leo Komarov.
11:06 of 1st period - Shot Misses the Net.
12:57 of 1st period - Off-side.
12:58 of 1st period - Daniel Audette wins face-off versus Scott Reedy in neutral zone.
13:15 of 1st period - Shot by David Gustafsson.
13:15 of 1st period - Shot Blocked by Gavin Bayreuther.
13:45 of 1st period - Brett Kulak is hit by Scott Reedy and loses puck.
13:53 of 1st period - Icing by Brett Kulak.
13:54 of 1st period - Lias Andersson wins face-off versus Tyler Bozak in Eagles zone.
14:13 of 1st period - Shot by Brayden Burke.
14:13 of 1st period - Stopped by Anton Forsberg with a rebound.
14:15 of 1st period - Shot by Brett Kulak.
14:15 of 1st period - Shot Misses the Net.
16:07 of 1st period - Shot by Nico Sturm.
16:07 of 1st period - Shot Misses the Net.
16:22 of 1st period - Icing by Radko Gudas.
16:23 of 1st period - Scott Reedy wins face-off versus Tyler Bozak in Palm Springs Eager zone.
16:36 of 1st period - Shot by Jacob Peterson.
16:36 of 1st period - Shot Misses the Net.
16:41 of 1st period - Icing by Ryan Graves.
16:42 of 1st period - Cooper Marody wins face-off versus Scott Reedy in Palm Springs Eager zone.
16:43 of 1st period - Shot by Branden Troock.
16:43 of 1st period - Stopped by Anton Forsberg without a rebound.
16:44 of 1st period - Tyler Bozak wins face-off versus Steven Lorentz in Palm Springs Eager zone.
17:11 of 1st period - Off-side.
17:12 of 1st period - Jonathan Toews wins face-off versus Cooper Marody in neutral zone.
17:17 of 1st period - Shot by Mike Hardman.
17:17 of 1st period - Stopped by Cory Schneider without a rebound.
17:18 of 1st period - Jonathan Toews wins face-off versus Cooper Marody in Eagles zone.
17:40 of 1st period - Off-side.
17:41 of 1st period - Steven Lorentz wins face-off versus David Gustafsson in neutral zone.
17:53 of 1st period - Shot by Gavin Bayreuther.
17:53 of 1st period - Shot Blocked by Brett Kulak.
18:33 of 1st period - Marc-Edouard Vlasic is hit by Nikita Nesterenko and loses puck.
18:40 of 1st period - Shot by Jacob Peterson.
18:40 of 1st period - Shot Misses the Net.
19:37 of 1st period - Shot by Jonathan Toews.
19:37 of 1st period - Shot Misses the Net.
19:39 of 1st period - Shot by Nico Sturm.
19:39 of 1st period - Shot Misses the Net.
19:41 of 1st period - Shot by Jonathan Toews.
19:41 of 1st period - Shot Misses the Net.
Goals for this period are 0 for Eagles vs 0 for Palm Springs Eager.
Shots for this period are 7 for Eagles vs 5 for Palm Springs Eager.

2nd period


0:01 of 2nd period - David Gustafsson wins face-off versus Jonathan Toews in neutral zone.
0:01 of 2nd period - David Gustafsson is hit by Jonathan Toews.
0:11 of 2nd period - Shot by David Gustafsson.
0:11 of 2nd period - Stopped by Anton Forsberg with a rebound.
0:13 of 2nd period - Shot by Brett Kulak.
0:13 of 2nd period - Stopped by Anton Forsberg without a rebound.
0:14 of 2nd period - Steven Lorentz wins face-off versus Tyler Bozak in Palm Springs Eager zone.
0:31 of 2nd period - Shot by Mark Giordano.
0:31 of 2nd period - Stopped by Anton Forsberg without a rebound.
0:32 of 2nd period - David Gustafsson wins face-off versus Jonathan Toews in Palm Springs Eager zone.
0:33 of 2nd period - Shot by Dan Renouf.
0:33 of 2nd period - Stopped by Anton Forsberg with a rebound.
0:35 of 2nd period - Shot by Devante Smith-Pelly.
0:35 of 2nd period - Stopped by Anton Forsberg without a rebound.
0:36 of 2nd period - David Gustafsson wins face-off versus Jonathan Toews in Palm Springs Eager zone.
1:31 of 2nd period - Brett Kulak is hit by Scott Mayfield.
1:38 of 2nd period - Off-side.
1:39 of 2nd period - Lias Andersson wins face-off versus Tyler Bozak in neutral zone.
3:53 of 2nd period - Shot by Nico Sturm.
3:53 of 2nd period - Stopped by Cory Schneider without a rebound.
3:54 of 2nd period - Steven Lorentz wins face-off versus Brayden Burke in Eagles zone.
4:19 of 2nd period - Jacob Peterson is hit by Scott Mayfield.
4:47 of 2nd period - Shot by Ryan Graves.
4:47 of 2nd period - Stopped by Cory Schneider without a rebound.
4:48 of 2nd period - David Gustafsson wins face-off versus Nico Sturm in Eagles zone.
5:03 of 2nd period - Shot by Leo Komarov.
5:03 of 2nd period - Stopped by Anton Forsberg without a rebound.
5:04 of 2nd period - Scott Reedy wins face-off versus Cooper Marody in Palm Springs Eager zone.
5:25 of 2nd period - Shot by Jonathan Toews.
5:25 of 2nd period - Stopped by Cory Schneider without a rebound.
5:26 of 2nd period - David Gustafsson wins face-off versus Jonathan Toews in Eagles zone.
5:28 of 2nd period - Icing by Dan Renouf.
5:29 of 2nd period - David Gustafsson wins face-off versus Steven Lorentz in Eagles zone.
5:39 of 2nd period - Shot by Dan Renouf.
5:39 of 2nd period - Stopped by Anton Forsberg without a rebound.
5:40 of 2nd period - Jonathan Toews wins face-off versus Tyler Bozak in Palm Springs Eager zone.
5:40 of 2nd period - Jonathan Toews is hit by Jacob Peterson.
7:01 of 2nd period - Shot by Saku Maenalanen.
7:01 of 2nd period - Stopped by Cory Schneider without a rebound.
7:02 of 2nd period - Cooper Marody wins face-off versus Lias Andersson in Eagles zone.
7:02 of 2nd period - Cooper Marody is hit by Alexander Campbell.
7:25 of 2nd period - Shot by Kris Russell.
7:25 of 2nd period - Deflect By Branden Troock.
7:25 of 2nd period - Shot Misses the Net.
7:43 of 2nd period - Shot by Alexander Campbell.
7:43 of 2nd period - Stopped by Cory Schneider with a rebound.
9:12 of 2nd period - Tyler Bozak is hit by Jonathan Toews and loses puck.
9:58 of 2nd period - Icing by Mark Giordano.
9:59 of 2nd period - Steven Lorentz wins face-off versus Tyler Bozak in Eagles zone.
11:16 of 2nd period - Off-side.
11:17 of 2nd period - Cooper Marody wins face-off versus Lias Andersson in neutral zone.
11:17 of 2nd period - Matej Paulovic is hit by Lias Andersson and loses puck.
11:24 of 2nd period - Shot by Lias Andersson.
11:24 of 2nd period - Deflect By Alexander Gordin.
11:24 of 2nd period - Stopped by Cory Schneider without a rebound.
11:25 of 2nd period - Jonathan Toews wins face-off versus Cooper Marody in Eagles zone.
11:31 of 2nd period - Off-side.
11:32 of 2nd period - Jonathan Toews wins face-off versus Tyler Bozak in neutral zone.
11:52 of 2nd period - Icing by Ryan Graves.
11:53 of 2nd period - Jonathan Toews wins face-off versus David Gustafsson in Palm Springs Eager zone.
11:58 of 2nd period - Shot by Leo Komarov.
11:58 of 2nd period - Shot Blocked by Ryan Graves.
12:00 of 2nd period - Shot by Leo Komarov.
12:00 of 2nd period - Stopped by Anton Forsberg without a rebound.
12:01 of 2nd period - Steven Lorentz wins face-off versus Devante Smith-Pelly in Palm Springs Eager zone.
12:05 of 2nd period - Saku Maenalanen is hit by Brett Kulak and loses puck.
12:15 of 2nd period - Off-side.
12:16 of 2nd period - Tyler Bozak wins face-off versus Jonathan Toews in neutral zone.
12:21 of 2nd period - Icing by Radko Gudas.
12:22 of 2nd period - Jonathan Toews wins face-off versus David Gustafsson in Palm Springs Eager zone.
12:40 of 2nd period - Shot by Devante Smith-Pelly.
12:40 of 2nd period - Shot Misses the Net.
12:51 of 2nd period - Shot by Mike Hardman.
12:51 of 2nd period - Shot Misses the Net.
13:47 of 2nd period - Icing by Brett Kulak.
13:48 of 2nd period - Lias Andersson wins face-off versus David Gustafsson in Eagles zone.
14:46 of 2nd period - Icing by Mark Giordano.
14:47 of 2nd period - Steven Lorentz wins face-off versus Tyler Bozak in Eagles zone.
14:51 of 2nd period - Nikita Nesterenko is hit by Mark Giordano and loses puck.
15:10 of 2nd period - Branden Troock is hit by Nikita Nesterenko and loses puck.
15:15 of 2nd period - Shot by Nikita Nesterenko.
15:15 of 2nd period - Stopped by Cory Schneider without a rebound.
15:16 of 2nd period - Jonathan Toews wins face-off versus Cooper Marody in Eagles zone.
15:32 of 2nd period - Shot by Cooper Marody.
15:32 of 2nd period - Shot Blocked by Ryan Graves.
15:34 of 2nd period - Shot by Cooper Marody.
15:34 of 2nd period - Shot Blocked by Mike Hardman.
15:36 of 2nd period - Shot by Cooper Marody.
15:36 of 2nd period - Shot Misses the Net.
16:00 of 2nd period - Off-side.
16:01 of 2nd period - Tyler Bozak wins face-off versus Steven Lorentz in neutral zone.
16:01 of 2nd period - Tyler Bozak is hit by Steven Lorentz.
16:29 of 2nd period - Shot by Saku Maenalanen.
16:29 of 2nd period - Shot Misses the Net.
16:31 of 2nd period - Shot by Nikita Nesterenko.
16:31 of 2nd period - Shot Misses the Net.
16:33 of 2nd period - Shot by Nikita Nesterenko.
16:33 of 2nd period - Goal by Nikita Nesterenko - Eagles : 0 - Palm Springs Eager : 1.
16:34 of 2nd period - Lias Andersson wins face-off versus David Gustafsson in neutral zone.
16:48 of 2nd period - Devante Smith-Pelly is hit by Colin Miller and loses puck.
17:09 of 2nd period - Shot by Lias Andersson.
17:09 of 2nd period - Shot Blocked by Dan Renouf.
17:11 of 2nd period - Shot by Lias Andersson.
17:11 of 2nd period - Shot Misses the Net.
17:13 of 2nd period - Shot by Michael Anderson.
17:13 of 2nd period - Shot Misses the Net.
17:15 of 2nd period - Shot by Lias Andersson.
17:15 of 2nd period - Shot Misses the Net.
17:39 of 2nd period - Icing by Cooper Marody.
17:40 of 2nd period - Steven Lorentz wins face-off versus Cooper Marody in Eagles zone.
17:55 of 2nd period - Shot by Saku Maenalanen.
17:55 of 2nd period - Deflect By Steven Lorentz.
17:55 of 2nd period - Shot Misses the Net.
17:57 of 2nd period - Shot by Steven Lorentz.
17:57 of 2nd period - Stopped by Cory Schneider with a rebound.
18:04 of 2nd period - Off-side.
18:05 of 2nd period - Jonathan Toews wins face-off versus Tyler Bozak in neutral zone.
18:10 of 2nd period - Shot by Nico Sturm.
18:10 of 2nd period - Shot Misses the Net.
18:11 of 2nd period - Minor Penalty to Mike Hardman for Hooking.
18:12 of 2nd period - Jonathan Toews wins face-off versus Tyler Bozak in Palm Springs Eager zone.
18:29 of 2nd period - Shot by Brayden Burke.
18:29 of 2nd period - Deflect By Tyler Bozak.
18:29 of 2nd period - Shot Blocked by Radko Gudas.
18:48 of 2nd period - Shot by Marc-Edouard Vlasic.
18:48 of 2nd period - Stopped by Anton Forsberg without a rebound.
18:49 of 2nd period - David Gustafsson wins face-off versus Jonathan Toews in Palm Springs Eager zone.
18:50 of 2nd period - Shot by Devante Smith-Pelly.
18:50 of 2nd period - Shot Misses the Net.
19:46 of 2nd period - Off-side.
19:47 of 2nd period - Jonathan Toews wins face-off versus Tyler Bozak in neutral zone.
Goals for this period are 0 for Eagles vs 1 for Palm Springs Eager.
Shots for this period are 9 for Eagles vs 9 for Palm Springs Eager.

3rd period


0:01 of 3rd period - Jonathan Toews wins face-off versus David Gustafsson in neutral zone.
0:11 of 3rd period - Dan Renouf is hit by Steven Lorentz.
0:47 of 3rd period - Jacob Peterson is hit by Colin Miller and loses puck.
0:52 of 3rd period - Shot by Brayden Burke.
0:52 of 3rd period - Stopped by Anton Forsberg without a rebound.
0:53 of 3rd period - David Gustafsson wins face-off versus Nico Sturm in Palm Springs Eager zone.
1:39 of 3rd period - Nico Sturm is hit by Devante Smith-Pelly and loses puck.
2:06 of 3rd period - Shot by Lias Andersson.
2:06 of 3rd period - Goal by Lias Andersson - Eagles : 0 - Palm Springs Eager : 2.
2:07 of 3rd period - Tyler Bozak wins face-off versus Steven Lorentz in neutral zone.
2:23 of 3rd period - Icing by Gavin Bayreuther.
2:24 of 3rd period - Steven Lorentz wins face-off versus Matej Paulovic in Palm Springs Eager zone.
2:30 of 3rd period - Saku Maenalanen is hit by Matej Paulovic and loses puck.
2:48 of 3rd period - Scott Mayfield is hit by Ty Emberson and loses puck.
3:02 of 3rd period - Icing by Kris Russell.
3:03 of 3rd period - Matej Paulovic wins face-off versus Lias Andersson in Eagles zone.
3:11 of 3rd period - Ty Emberson is hit by Michael Anderson and loses puck.
3:26 of 3rd period - Shot by Brett Kulak.
3:26 of 3rd period - Deflect By David Gustafsson.
3:26 of 3rd period - Shot Misses the Net.
3:44 of 3rd period - Brett Kulak is hit by Alexander Campbell and loses puck.
3:54 of 3rd period - Icing by Alexander Gordin.
3:55 of 3rd period - Alexander Campbell wins face-off versus Tyler Bozak in Palm Springs Eager zone.
4:07 of 3rd period - Tyler Bozak is hit by Radko Gudas and loses puck.
4:32 of 3rd period - Shot by Tyler Bozak.
4:32 of 3rd period - Stopped by Anton Forsberg with a rebound.
4:34 of 3rd period - Shot by Mark Giordano.
4:34 of 3rd period - Stopped by Anton Forsberg without a rebound.
4:35 of 3rd period - Cooper Marody wins face-off versus Steven Lorentz in Palm Springs Eager zone.
5:03 of 3rd period - Shot by Nikita Nesterenko.
5:03 of 3rd period - Shot Blocked by Kris Russell.
5:05 of 3rd period - Shot by Saku Maenalanen.
5:05 of 3rd period - Stopped by Cory Schneider with a rebound.
5:09 of 3rd period - Shot by Nikita Nesterenko.
5:09 of 3rd period - Shot Misses the Net.
5:11 of 3rd period - Shot by Nikita Nesterenko.
5:11 of 3rd period - Shot Blocked by Branden Troock.
5:13 of 3rd period - Shot by Scott Mayfield.
5:13 of 3rd period - Stopped by Cory Schneider without a rebound.
5:14 of 3rd period - David Gustafsson wins face-off versus Jonathan Toews in Eagles zone.
5:14 of 3rd period - Brett Kulak is hit by Mike Hardman and loses puck.
5:25 of 3rd period - Shot by Nico Sturm.
5:25 of 3rd period - Shot Misses the Net.
5:27 of 3rd period - Shot by Jonathan Toews.
5:27 of 3rd period - Shot Misses the Net.
5:49 of 3rd period - Shot by Ryan Graves.
5:49 of 3rd period - Shot Misses the Net.
5:53 of 3rd period - Shot by Nico Sturm.
5:53 of 3rd period - Shot Misses the Net.
7:01 of 3rd period - Shot by Nikita Nesterenko.
7:01 of 3rd period - Shot Misses the Net.
7:03 of 3rd period - Shot by Scott Mayfield.
7:03 of 3rd period - Stopped by Cory Schneider without a rebound.
7:04 of 3rd period - Tyler Bozak wins face-off versus Scott Reedy in Eagles zone.
7:04 of 3rd period - Mark Giordano is hit by Scott Reedy and loses puck.
7:58 of 3rd period - Shot by Steven Lorentz.
7:58 of 3rd period - Shot Misses the Net.
8:00 of 3rd period - Shot by Ryan Graves.
8:00 of 3rd period - Stopped by Cory Schneider without a rebound.
8:01 of 3rd period - Lias Andersson wins face-off versus Branden Troock in Eagles zone.
8:25 of 3rd period - Off-side.
8:26 of 3rd period - Steven Lorentz wins face-off versus Daniel Audette in neutral zone.
8:31 of 3rd period - Shot by Saku Maenalanen.
8:31 of 3rd period - Shot Misses the Net.
8:33 of 3rd period - Shot by Radko Gudas.
8:33 of 3rd period - Stopped by Cory Schneider with a rebound.
8:35 of 3rd period - Shot by Saku Maenalanen.
8:35 of 3rd period - Shot Misses the Net.
9:04 of 3rd period - Shot by Saku Maenalanen.
9:04 of 3rd period - Stopped by Cory Schneider without a rebound.
9:05 of 3rd period - Jonathan Toews wins face-off versus Cooper Marody in Eagles zone.
9:54 of 3rd period - Icing by Mark Giordano.
9:55 of 3rd period - Matej Paulovic wins face-off versus Lias Andersson in Eagles zone.
10:16 of 3rd period - Shot by Lias Andersson.
10:16 of 3rd period - Stopped by Cory Schneider without a rebound.
10:17 of 3rd period - Steven Lorentz wins face-off versus Tyler Bozak in Eagles zone.
10:41 of 3rd period - Saku Maenalanen is hit by Dan Renouf.
10:45 of 3rd period - Shot by Steven Lorentz.
10:45 of 3rd period - Shot Hit the Post.
11:04 of 3rd period - Icing by Dan Renouf.
11:05 of 3rd period - Jonathan Toews wins face-off versus Tyler Bozak in Eagles zone.
11:16 of 3rd period - Shot by Nico Sturm.
11:16 of 3rd period - Stopped by Cory Schneider without a rebound.
11:17 of 3rd period - David Gustafsson wins face-off versus Lias Andersson in Eagles zone.
12:18 of 3rd period - Icing by Mark Giordano.
12:19 of 3rd period - Branden Troock wins face-off versus Jonathan Toews in Eagles zone.
12:30 of 3rd period - Jonathan Toews is hit by Branden Troock and loses puck.
13:47 of 3rd period - Tyler Bozak is hit by Saku Maenalanen and loses puck.
13:52 of 3rd period - Shot by Steven Lorentz.
13:52 of 3rd period - Stopped by Cory Schneider without a rebound.
13:53 of 3rd period - David Gustafsson wins face-off versus Lias Andersson in Eagles zone.
14:00 of 3rd period - Shot by Alexander Campbell.
14:00 of 3rd period - Stopped by Cory Schneider with a rebound.
14:02 of 3rd period - Shot by Scott Mayfield.
14:02 of 3rd period - Stopped by Cory Schneider with a rebound.
14:06 of 3rd period - Shot by Lias Andersson.
14:06 of 3rd period - Shot Blocked by Kris Russell.
14:08 of 3rd period - Shot by Alexander Gordin.
14:08 of 3rd period - Stopped by Cory Schneider without a rebound.
14:09 of 3rd period - Steven Lorentz wins face-off versus Daniel Audette in Eagles zone.
14:09 of 3rd period - Colin Miller is hit by Dan Renouf and loses puck.
14:15 of 3rd period - Brett Kulak is hit by Michael Anderson and loses puck.
14:42 of 3rd period - Shot by Brett Kulak.
14:42 of 3rd period - Shot Misses the Net.
15:19 of 3rd period - Minor Penalty to Colin Miller for Boarding.
15:20 of 3rd period - David Gustafsson wins face-off versus Jonathan Toews in Palm Springs Eager zone.
15:50 of 3rd period - Off-side.
15:51 of 3rd period - Brayden Burke wins face-off versus Jonathan Toews in neutral zone.
16:16 of 3rd period - Jonathan Toews is hit by Tyler Bozak and loses puck.
16:21 of 3rd period - Shot by Tyler Bozak.
16:21 of 3rd period - Shot Misses the Net.
16:25 of 3rd period - Shot by Jacob Peterson.
16:25 of 3rd period - Shot Misses the Net.
16:49 of 3rd period - Shot by Marc-Edouard Vlasic.
16:49 of 3rd period - Stopped by Anton Forsberg with a rebound.
16:51 of 3rd period - Shot by Mark Giordano.
16:51 of 3rd period - Shot Blocked by Ryan Graves.
16:53 of 3rd period - Shot by Mark Giordano.
16:53 of 3rd period - Shot Misses the Net.
16:55 of 3rd period - Shot by Mark Giordano.
16:55 of 3rd period - Stopped by Anton Forsberg without a rebound.
16:56 of 3rd period - Tyler Bozak wins face-off versus Jonathan Toews in Palm Springs Eager zone.
17:44 of 3rd period - Shot by Lias Andersson.
17:44 of 3rd period - Stopped by Cory Schneider without a rebound.
17:45 of 3rd period - Steven Lorentz wins face-off versus David Gustafsson in Eagles zone.
18:08 of 3rd period - Shot by Devante Smith-Pelly.
18:08 of 3rd period - Shot Blocked by Saku Maenalanen.
18:12 of 3rd period - Shot by David Gustafsson.
18:12 of 3rd period - Shot Misses the Net.
18:14 of 3rd period - Shot by Brett Kulak.
18:14 of 3rd period - Stopped by Anton Forsberg without a rebound.
18:15 of 3rd period - Lias Andersson wins face-off versus Cooper Marody in Palm Springs Eager zone.
19:05 of 3rd period - Cooper Marody is hit by Scott Mayfield and loses puck.
19:45 of 3rd period - Shot by Devante Smith-Pelly.
19:45 of 3rd period - Shot Hit the Post.
19:47 of 3rd period - Shot by David Gustafsson.
19:47 of 3rd period - Shot Misses the Net.
19:49 of 3rd period - Shot by Mark Giordano.
19:49 of 3rd period - Shot Blocked by Gavin Bayreuther.
19:51 of 3rd period - Shot by Marc-Edouard Vlasic.
19:51 of 3rd period - Stopped by Anton Forsberg without a rebound.
19:52 of 3rd period - Tyler Bozak wins face-off versus Steven Lorentz in Palm Springs Eager zone.
Goals for this period are 0 for Eagles vs 1 for Palm Springs Eager.
Shots for this period are 7 for Eagles vs 14 for Palm Springs Eager.